 Dungeon Crawl Stone Soup version 0.27-a0-1188-g73eefd5def (webtiles) character file.

Game seed: 9400736913520550561

42 chippings the Cudgeller (level 3, -1/28 HPs)
             Began as a Mummy Gladiator on May 20, 2021.
             Was an Initiate of Uskayaw.
             Slain by an adder (4 damage)
             ... on level 2 of the Dungeon.
             The game lasted 00:01:58 (1575 turns).

chippings the Cudgeller (Mummy Gladiator)           Turns: 1575, Time: 00:01:59

Health: -1/28      AC:  5    Str: 17    XL:     3   Next: 33%
Magic:  0/3        EV: 12    Int:  7    God:    Uskayaw [......]
Gold:   44         SH:  0    Dex: 14    Spells: 2/2 levels left

rFire    x . .     SeeInvis .   a - +0 flail
rCold    + . .     Faith    .   (no shield)
rNeg     + + +     Spirit   .   b - +0 leather armour
rPois    ∞         Reflect  .   c - +1 helmet
rElec    .         Harm     .   (no cloak)
rCorr    .         Rampage  .   (no gloves)
Will     .....                  (no boots)
Stlth    +.........             (no amulet)
HPRegen  0.09/turn              (no ring)
MPRegen  0.08/turn              (no ring)

@: no status effects
A: cold resistance 1, negative energy resistance 3, torment resistance 2, heat
vulnerability 1, no potions
a: Renounce Religion


You were on level 2 of the Dungeon.
You worshipped Uskayaw.
Uskayaw was noncommittal.
You visited 1 branch of the dungeon, and saw 2 of its levels.

You collected 44 gold pieces.

Inventory:

Hand Weapons
 a - a +0 flail (weapon)
Missiles
 d - 3 throwing nets (quivered)
Armour
 b - a +0 leather armour (worn)
 c - a +1 helmet (worn)
 g - a +0 helmet
Scrolls
 e - a scroll of magic mapping


   Skills:
 + Level 2.5 Fighting
 * Level 3.2 Maces & Flails
 - Level 1.5 Throwing
 - Level 2.4 Dodging
 + Level 0.5 Stealth
 + Level 0.3 Invocations


You had 2 spell levels left.
You didn't know any spells.
Your spell library contained the following spells:

 Spells                   Type           Power      Damage    Failure   Level
 Summon Small Mammal      Summ           0%         N/A       50%         1
 Call Imp                 Summ           0%         N/A       65%         2
 Call Canine Familiar     Summ           0%         N/A       86%         3
 Summon Guardian Golem    Hex/Summ       0%         N/A       86%         3
 Summon Ice Beast         Ice/Summ       0%         N/A       99%         4
 Summon Lightning Spire   Summ/Air       0%         N/A       99%         4


Dungeon Overview and Level Annotations

Branches:
Dungeon (2/15)

Altars:
Uskayaw


Innate Abilities, Weirdness & Mutations

You are immune to poison.
Your flesh is cold resistant. (rC+)
You are immune to negative energy. (rN+++)
You are immune to unholy pain and torment.
You are vulnerable to heat. (rF-)
You do not drink.


Message History

The adder barely misses you. The jackal bites you.
* * * LOW HITPOINT WARNING * * *
You closely miss the adder.
The jackal bites you but does no damage.
The adder barely misses you. The adder closely misses you.
The jackal bites you but does no damage.
You miss the adder. The jackal barely misses you. The adder closely misses you.
The jackal closely misses you.
You barely miss the adder. The adder bites you but does no damage.
The jackal bites you.
* * * LOW HITPOINT WARNING * * *
The adder barely misses you.
As you read the scroll labelled RAFECR GYJUIT, it crumbles to dust.
It is a scroll of enchant armour.
Your +0 helmet glows green for a moment.
The jackal misses you. The adder bites you.
* * * LOW HITPOINT WARNING * * *
The jackal bites you but does no damage.
As you read the scroll labelled DEJUXOLLAV, it crumbles to dust.
You feel aware of your surroundings.
It was a scroll of magic mapping.
The adder barely misses you. The jackal bites you.
* * * LOW HITPOINT WARNING * * *
The adder barely misses you.
Your leather armour prevents you from hitting the adder.
The jackal bites you but does no damage.
The adder completely misses you. The jackal closely misses you.
You miss the adder. The adder bites you but does no damage.
The jackal closely misses you. The adder barely misses you.
You hit the adder but do no damage. The jackal closely misses you.
The adder closely misses you. The jackal closely misses you.
You miss the adder. The adder bites you but does no damage.
The jackal barely misses you. The adder bites you but does no damage.
The jackal bites you but does no damage.
You aren't carrying any items that you can evoke.
You stomp with the beat, sending a shockwave through the revellers around you!
The adder is moderately wounded.
The jackal is almost dead.
You can no longer stomp with the beat.
The jackal closely misses you. The adder bites you.
You die...

*,,****,.#...#.#********,*
*,,*,,,,,)<..#.# *,*
*,,*,*#.,#.#.#.# *,*
*,,*,*#..#.#.#.### *,*
*,,,,.#.....†..<.# *,*
*,,,,.....h....#.#######,*****
*,,,,.#).#####h#........,,,,,*
***,,,,,,,,* #h#.#######,***,*
,,,,,,,,*,** #@#.# *,* *,*
,,,,,,,,,,* #S#.#** *,***,**
****,*,**** #....,* *,**,*,*
*,*,********#.#.#,* *,*,***,
*,*,,,,,,,,,....#,* *,*,,*,*
*,*,***,,,,,....#,* *,*,*,**
*,*,***,****#.<,,,* *,*,***
*,,,,,,,* #.##*******,*,*
***,,,*** *,* *,,,,,,,*,*


You could see an adder and 2 jackals.

Vanquished Creatures
  2 dart slugs (D:1)
  7 bats (D:1)
  2 endoplasms (D:1)
  3 giant cockroaches (D:1)
  3 goblins
  3 hobgoblins (D:1)
  6 jackals
  4 ball pythons
  2 frilled lizards (D:1)
32 creatures vanquished.

Notes
Turn   | Place    | Note
-------+----------+-------------------------------------------
     0 | D:1      | chippings the Mummy Gladiator began the quest for the Orb.
     0 | D:1      | Reached XP level 1. HP: 16/16 MP: 1/1
   168 | D:1      | Reached XP level 2. HP: 10/22 MP: 2/2
   476 | D:1      | Found a faded altar of an unknown god.
   482 | D:1      | Became a worshipper of Uskayaw the Reveller
   482 | D:1      | Reached * piety under Uskayaw
   499 | D:1      | Reached skill level 3 in Maces & Flails
   513 | D:1      | Reached ** piety under Uskayaw
   932 | D:1      | Reached XP level 3. HP: 28/28 MP: 3/3
  1575 | D:2      | Slain by an adder

Illustrated notes

Levels and vault maps discovered:
D:1:      wander_arrival_lonely_grave, layout_basic,
          hellmonk_ecumenical_altar_lost_god
D:2:      layout_loops_ring, uniq_crazy_yiuf_cottage

Skill      XL: |  1  2 |
---------------+-------+-----
Maces & Flails | 3 |  3.2
Fighting       | |  2.5
Throwing       | |  1.5
Dodging        | |  2.4
Stealth        | |  0.5
Invocations    | |  0.3

Action                   || total
-------------------------++-------
Melee: Flail             ||   115
Invok: Stomp             ||     1
  Use: Scroll            ||     2
Armor: Leather armour    ||    59
Dodge: Dodged            ||   139

Table legend: (Time is in decaauts)
 A = Elapsed time spent in this place.
 B = Non-inter-level travel time spent in this place.
 C = Inter-level travel time spent in this place.
 D = Time resting spent in this place.
 E = Time spent auto-exploring this place.
 F = Levels seen in this place.
 G = Mean time per level.
                   A        B        C        D        E       F      G
               +--------+--------+--------+--------+--------+-----+--------+
         Total |   1604 |   1590 |     14 |      0 |   1224 |   2 |  802.0 |
       Dungeon |   1604 |   1590 |     14 |      0 |   1224 |   2 |  802.0 |
               +--------+--------+--------+--------+--------+-----+--------+

Top non-repeatable levels by time:
     D:1: 1552 daAuts
     D:2: 51 daAuts
